 Dungeon Sprint DCSS version 0.27-a0-633-gc6addc0a40 (webtiles) character file.

Game seed: 3705108101248052983

177 mhtbhm the Cudgeller (level 5, -3/48 HPs)
             Began as a Human Berserker on Mar 13, 2021.
             Was a Priest of Trog.
             Slain by a centaur (9 damage)
             ... in the Dungeon (Sprint IX: "|||||||||||||||||||||||||||||").
             The game lasted 00:00:18 (67 turns).

mhtbhm the Cudgeller (Human Berserker)                Turns: 67, Time: 00:00:19

Health: -3/48      AC:  2    Str: 18    XL:     5   Next: 88%
Magic:  5/5        EV: 13    Int:  8    God:    Trog [***...]
Gold:   0          SH:  0    Dex: 12    Spells: 4/4 levels left

rFire    . . .     SeeInvis .   a - +0 mace
rCold    . . .     Faith    .   (no shield)
rNeg     . . .     Spirit   .   b - +0 animal skin
rPois    .         Reflect  .   (no helmet)
rElec    .         Harm     .   (no cloak)
rCorr    .         Rampage  .   (no gloves)
Will     .....     NoTele   +   (no boots)
Stlth    +.........             (no amulet)
HPRegen  0.16/turn              (no ring)
MPRegen  0.09/turn              (no ring)

@: berserk cooldown, slowed, very slow
A: no striking features
a: Renounce Religion, Berserk, Trog's Hand


You were in the Dungeon.
You worshipped Trog.
Trog was most pleased with you.
You visited 1 branch

Inventory:

Hand Weapons
 a - a +0 mace (weapon)
Armour
 b - a +0 animal skin (worn)
Scrolls
 h - a scroll of blinking
Potions
 e - a potion of haste
 f - 2 potions of magic
 g - a potion of berserk rage


   Skills:
 + Level 7.3 Fighting
 + Level 7.7 Maces & Flails
 + Level 3.8 Armour
 + Level 4.0 Dodging


You had 4 spell levels left.
You didn't know any spells.
Your spell library was empty.

Dungeon Overview and Level Annotations

Branches:
Dungeon (1/1)

Altars:


Message History

The adder poisons you!
You miss the adder.
You feel sick. The adder bites you. The adder closely misses you.
You barely miss the adder. The adder barely misses you.
The adder closely misses you.
Unknown command.
You closely miss the adder.
You feel sick. The adder bites you. x2
You hit the adder.
The adder is moderately wounded.
The adder bites you. x2
Unknown command.
You feel better. The adder barely misses you. The adder closely misses you.
You completely miss the adder.
The adder is moderately wounded.
The adder barely misses you. The adder bites you.
You hit the adder.
The adder is heavily wounded.
The adder bites you. x2
You thump the adder!
You kill the adder!
Trog accepts your kill.
The centaur wields a +0 shortbow.
The centaur shoots an arrow.
The arrow hits you.
The centaur shoots an arrow.
The arrow hits you!
* * * LOW HITPOINT WARNING * * *
Your Dodging skill increases to level 4!
You feel much better.
The centaur shoots an arrow.
The arrow barely misses you.
The centaur shoots an arrow.
The arrow hits you!
* * * LOW HITPOINT WARNING * * *
The centaur unwields a +0 shortbow.
The centaur hits you but does no damage.
The centaur misses you.
Unknown command.
You barely miss the centaur. The centaur hits you.
* * * LOW HITPOINT WARNING * * *
The centaur barely misses you.
Unknown command.
You hit the centaur.
The centaur is lightly wounded.
The centaur closely misses you. The centaur hits you!
You die... ▓▓▓▓▓▓▓▓▓▓▓▓▓▓▓▓▓▓ +..c@)).....)...<▓ ▓▓▓▓▓▓▓▓▓▓▓▓▓▓▓▓▓▓

You could see a centaur.

Vanquished Creatures
  A centaur (D)
  An ogre (D)
  An adder (D)
  An orc (D)
  A goblin (D)
  2 hobgoblins (D)
  A frilled lizard (D)
  A rat (D)
9 creatures vanquished.

Notes
Turn   | Place    | Note
-------+----------+-------------------------------------------
     0 | D        | mhtbhm the Human Berserker began the quest for the Orb.
     0 | D        | Reached XP level 1. HP: 18/18 MP: 1/1
     6 | D        | Reached ** piety under Trog
    38 | D        | Noticed a centaur
    38 | D        | Noticed a centaur
    38 | D        | Noticed an ogre
    41 | D        | Killed an ogre
    42 | D        | Reached skill level 5 in Fighting
    42 | D        | Reached XP level 2. HP: 28/28 MP: 2/2
    42 | D        | Reached XP level 3. HP: 34/34 MP: 3/3
    42 | D        | Reached XP level 4. HP: 40/40 MP: 4/4
    47 | D        | Killed a centaur
    47 | D        | Reached *** piety under Trog
    48 | D        | Reached XP level 5. HP: 48/48 MP: 5/5
    67 | D        | Slain by a centaur

Illustrated notes

Levels and vault maps discovered:
D:        linesprint [early_d, line_temple, items_1, d_10, items_2, lair_1,
          lair_end, items_3, orc_1, orc_end, items_4, d_15, swamp_1, shoals_1,
          snake_1, spider_1, d_20, vaults_1, items_5, swamp_end, shoals_end,
          snake_end, spider_end, vaults_end, d_27, items_6, zot_1, zot_end,
          crypt_end, forest_end, elf_end, slime_end, tomb_end, abyss_end,
          pan_hell_end]

Skill      XL: |  1  2  3  4  5 |
---------------+----------------+-----
Fighting       | 5 7 |  7.3
Maces & Flails | 6 7 |  7.7
Armour         | 3 |  3.8
Dodging        | 3 4 |  4.0

Action                   |  1- 3 |  4- 6 || total
-------------------------+-------+-------++-------
Melee: Mace              |     8 |    21 ||    29
Invok: Berserk           |     1 |       ||     1
  Use: Potion            |       |     2 ||     2
Armor: Animal skin       |       |     1 ||     1
Dodge: Dodged            |     3 |    24 ||    27

Table legend: (Time is in decaauts)
 A = Elapsed time spent in this place.
 B = Non-inter-level travel time spent in this place.
 C = Inter-level travel time spent in this place.
 D = Time resting spent in this place.
 E = Time spent auto-exploring this place.
 F = Levels seen in this place.
 G = Mean time per level.
                   A        B        C        D        E       F      G
               +--------+--------+--------+--------+--------+-----+--------+
         Total |     74 |     74 |      0 |     22 |      3 |   1 |   74.0 |
       Dungeon |     74 |     74 |      0 |     22 |      3 |   1 |   74.0 |
               +--------+--------+--------+--------+--------+-----+--------+

Top non-repeatable levels by time:
       D: 74 daAuts
